 Dungeon Crawl Stone Soup version 0.23.2 (webtiles) character file.

Game seed: 12653856309797224921

409 taoistronin the Poker (level 6, 0/56 HPs)
             Began as a Minotaur Berserker on Apr 3, 2019.
             Was a Priest of Trog.
             Killed from afar by Dowan (3 damage)
             ... with a puff of frost
             ... on level 4 of the Dungeon.
             The game lasted 00:17:34 (3970 turns).

taoistronin the Poker (Minotaur Berserker)          Turns: 3970, Time: 00:17:35

Health: 0/56       AC: 11    Str: 22    XL:     6   Next: 58%
Magic:  5/5        EV:  7    Int:  4    God:    Trog [***...]
Gold:   159        SH:  0    Dex: 11    Spells: 5/5 levels left

rFire    . . .     SeeInvis .   a - +0 spear
rCold    . . .     Gourm    .   (no shield)
rNeg     . . .     Faith    .   y - +0 plate armour
rPois    .         Spirit   .   (helmet restricted)
rElec    .         Reflect  .   (no cloak)
rCorr    .         Harm     .   (no gloves)
MR       .....                  (no boots)
Stlth    ..........             (no amulet)
HPRegen  0.18/turn              (no ring)
MPRegen  0.09/turn              (no ring)

@: berserk cooldown, slowed, very slow
A: retaliatory headbutt, horns 2
a: Berserk, Trog's Hand, Renounce Religion


You were on level 4 of the Dungeon.
You worshipped Trog.
Trog was most pleased with you.
You were not hungry.

You visited 1 branch of the dungeon, and saw 4 of its levels.

You collected 159 gold pieces.

Inventory:

Hand Weapons
 a - a +0 spear (weapon)
 d - a +0 spear
 l - a +0 spear
 A - a +1 hunting sling of flaming
Missiles
 b - 23 arrows
 j - 86 stones (quivered)
 w - 5 tomahawks
Armour
 h - a +2 scale mail of fire resistance
 t - a cursed +0 cloak
 y - a +0 plate armour (worn)
Jewellery
 g - an uncursed amulet of the gourmand
Scrolls
 u - 2 scrolls of teleportation
 x - a scroll of magic mapping
Potions
 e - a potion of flight {unknown}
 f - a potion of mutation {unknown}
 i - a potion of heal wounds {unknown}
 k - a potion of invisibility {unknown}
 m - 5 potions of curing {unknown}
 o - a potion of resistance
 r - a potion of brilliance {unknown}
Comestibles
 c - 4 rations


   Skills:
 + Level 5.4 Fighting
 + Level 6.2 Polearms
 + Level 2.8 Armour
 + Level 4.1 Dodging
 + Level 1.6 Stealth


You had 5 spell levels left.
You didn't know any spells.
Your spell library was empty.

Dungeon Overview and Level Annotations

Branches:
Dungeon (4/15)
 Temple: D:4-7

Altars:
Elyvilon
Nemelex Xobeh
Vehumet
Beogh

Annotations:
D:4 Dowan, Duvessa, Eustachio


Innate Abilities, Weirdness & Mutations

You reflexively headbutt those who attack you in melee.
You have a pair of horns on your head.


Message History

You hit Duvessa but do no damage.
Duvessa is heavily wounded.
You feel sick.
You are no longer poisoned.
The bat hits you.
* * * LOW HITPOINT WARNING * * *
The bat hits you but does no damage. The orc hits you but does no damage.
Duvessa barely misses you. The rat bites you but does no damage.
Eustachio hits you but does no damage. Dowan hits you but does no damage.
The orc hits you but does no damage.
You hit Duvessa but do no damage.
Duvessa is heavily wounded.
The bat hits you but does no damage. x2; Duvessa hits you but does no damage.
The rat closely misses you. You furiously retaliate!
You headbutt the rat!
You kill the rat!
The rat's corpse disappears in a puff of smoke!
Eustachio hits you but does no damage. Dowan casts a spell at you.
The puff of frost hits you.
You die...

..?. #..# #..#
# ...# #%#55# #
#####.#!.##(#
.....oeo5b..#
###..##@@#
......eb.#
###..##..# #..
#..# ###..##..#
.........######
###............
#............
#####.#####.#


You could see Eustachio, Duvessa, Dowan, a crimson imp, 2 shadow imps, 2 orcs
and 2 bats.

Vanquished Creatures
  Edmund (D:4)
  A howler monkey (D:4)
  An orc wizard (D:3)
  An orc priest (D:3)
  The ghost of withersans the Ducker, a weakling DEMo (D:3)
  Robin (D:3)
  5 adders
  3 worms (D:2)
  3 dart slugs
  3 leopard geckos
  15 orcs (D:3)
  A ball python (D:3)
  9 bats
  4 giant cockroaches
  16 goblins
  13 hobgoblins
  2 jackals (D:2)
  6 frilled lizards
  9 kobolds
  8 rats
103 creatures vanquished.

Notes
Turn   | Place    | Note
-------+----------+-------------------------------------------
     0 | D:1      | taoistronin the Minotaur Berserker began the quest for the
                  | Orb.
     0 | D:1      | Reached XP level 1. HP: 19/19 MP: 0/0
    88 | D:1      | Reached XP level 2. HP: 9/27 MP: 1/1
   360 | D:1      | Reached skill level 4 in Polearms
   597 | D:1      | Reached ** piety under Trog
   756 | D:1      | Reached XP level 3. HP: 33/33 MP: 2/2
   925 | D:2      | Found a radiant altar of Vehumet.
   993 | D:2      | Found a sparkling altar of Nemelex Xobeh.
  1168 | D:2      | Reached XP level 4. HP: 41/41 MP: 3/3
  1301 | D:2      | Found a white marble altar of Elyvilon.
  2505 | D:3      | Reached *** piety under Trog
  2517 | D:3      | Reached skill level 5 in Polearms
  2517 | D:3      | Reached XP level 5. HP: 22/47 MP: 4/4
  2524 | D:3      | Reached skill level 1 in Stealth
  2913 | D:3      | Found a runed translucent gate.
  2913 | D:3      | Found a runed translucent gate.
  2915 | D:3      | Found a runed translucent gate.
  2930 | D:3      | Noticed withersans's ghost (weakling DEMo)
  2933 | D:3      | Found a roughly hewn altar of Beogh.
  2952 | D:3      | Killed withersans's ghost
  2952 | D:3      | Reached skill level 5 in Fighting
  3672 | D:3      | Noticed Robin
  3695 | D:3      | Killed Robin
  3890 | D:4      | Noticed Edmund
  3891 | D:4      | Reached XP level 6. HP: 55/56 MP: 5/5
  3937 | D:4      | Killed Edmund
  3937 | D:4      | Reached skill level 6 in Polearms
  3948 | D:4      | Noticed Duvessa
  3950 | D:4      | Noticed Dowan
  3953 | D:4      | Noticed Eustachio
  3970 | D:4      | Killed from afar by Dowan

Skill      XL: |  1  2  3  4  5  6 |
---------------+-------------------+-----
Polearms       | 4 5 6 |  6.2
Fighting       | 4 5 |  5.4
Dodging        | 3 4 |  4.1
Stealth        | 1 |  1.6
Armour         | |  2.8

Action                   |  1- 3 |  4- 6 || total
-------------------------+-------+-------++-------
Melee: Spear             |    92 |   166 ||   258
       Headbutt          |    13 |    38 ||    51
Invok: Berserk           |       |     3 ||     3
  Use: Scroll            |     1 |     4 ||     5
 Stab: Sleeping          |     1 |     2 ||     3
  Eat: Chunk             |     1 |     3 ||     4
       Ration            |       |     3 ||     3
Armor: Animal skin       |    16 |    16 ||    32
       Plate armour      |       |    35 ||    35
Dodge: Dodged            |    43 |    96 ||   139
